cohdb
Replays
Latest Replays
All Replays
Popular Replays
Top Player Replays
Match Explorer
How It Works
Community
CoH3 Stats
Reddit
Sign in to upload your games and track your stats! →
Sign in with Steam
Match 42876885
Unlisted
Match 42876885
Overview
Messages
Build Orders
End
Royal Engineer Section
Construct Section Command Post
Dingo Light Scout Car
Infantry Section
Vickers Machine Gun Team
Infantry Section
Construct Platoon Command Post
Unlock M3 Stuart Light Tanks
M3 Stuart Light Tank
Grenade Package
M3 Stuart Light Tank
Selects Australian Defense Battlegroup
Selects Australian Light Infantry Section
Light Vehicle Training
MrBadMass
Trion
0
0
Comments
sign in to comment!
No comments posted yet!